Map: 暮色之塔

Players

Lermotheclam - Winner!

  • Race: Zerg Zerg
  • League: Platinum

shengy

  • Race: Zerg Zerg
  • League: Gold

VOD

Have the link to the VOD?

Description

Time

  • Played on: Nov. 24, 2015, 9:59 p.m.
  • Length: 10:35
Show
View Real Time Build Order
Export as new Build Order

Lermotheclam Zerg - Winner!

Build Orders: Hatch First 

Get SALT Encoding   

  12  0:01  Drone  
  13  0:07  Extractor  
  12  0:18  Drone x2  
  14  0:23  Overlord  
  14  0:42  Drone x2  
  16  0:51  Drone  
  17  1:02  Drone  
  18  1:09  Evolution Chamber  
  17  1:17  Hatchery  
  16  1:35  Spawning Pool  
  15  1:45  Zerg Ground Armor Level 1  
  15  1:49  Drone  
  15  1:54  Drone  
  17  1:57  Drone  
  18  2:03  Drone  
  19  2:21  Zergling x2  
  20  2:24  Queen  
  20  2:26  Metabolic Boost  
  22  2:30  Zergling x2  
  22  2:32  Zergling x2  
  22  2:35  Zergling x2  
  25  2:56  Zergling x6  
  28  2:59  Overlord  
  28  3:05  Spine Crawler  
  27  3:13  Extractor, Queen  
  27  3:16  Spore Crawler  
  28  3:23  Zergling x8  
  33  3:34  Zergling x2  
  33  3:35  Zergling x4  
  35  3:58  Zergling x2  
  35  3:59  Overlord  
  35  4:00  Overlord  
  36  4:06  Zerg Melee Weapons Level 1  
  28  4:35  Zergling x2  
  28  4:36  Zergling x18  
  28  4:37  Zergling x2  
  38  4:46  Zergling x6  
  41  4:55  Lair  
  41  5:13  Drone  
  43  5:14  Drone x5  
  41  5:36  Zergling x2  
  41  5:37  Zergling x10  
  47  5:47  Zergling x2  
  47  5:48  Zergling x6  
  51  6:15  Hatchery  
  40  6:27  Zergling x2  
  40  6:28  Zergling x20  
  40  6:32  Zergling x2  
  49  6:47  Roach Warren  
  49  6:48  Zergling x4  
  43  7:21  Drone  
  43  7:22  Drone x6  
  46  7:23  Drone x4  
  46  7:44  Drone  
  46  7:45  Zergling x4  
  46  7:46  Zergling x10  
  46  7:50  Queen  
  56  7:52  Zergling x2  
  56  7:54  Overlord x3  
  56  7:55  Glial Reconstitution  
  49  8:19  Roach x2  
  56  8:20  Roach x6  
  56  8:24  Zergling x4  
  56  8:25  Zergling x4  
  68  8:40  Zergling x2  
  68  8:41  Zergling x12  
  69  9:13  Zergling x16  
  69  9:14  Zergling x6  
  74  9:26  Zergling x2, Roach  
  74  9:27  Zergling x10  
  78  9:49  Zergling x8  
  78  9:52  Overlord x3  
  77  10:34  Spine Crawler  
  77  10:35  Spine Crawler  
Show
View Real Time Build Order
Export as new Build Order

shengy Zerg 

Build Orders: Hatch First 

Get SALT Encoding   

  12  0:01  Drone  
  13  0:09  Drone  
  14  0:19  Overlord  
  14  0:37  Drone x3  
  17  0:48  Drone  
  18  1:00  Drone  
  18  1:03  Hatchery  
  18  1:10  Drone  
  19  1:18  Spawning Pool  
  19  1:20  Drone  
  19  1:23  Extractor  
  18  1:31  Drone  
  19  1:44  Drone  
  20  1:53  Drone  
  21  2:04  Extractor  
  21  2:05  Queen  
  21  2:07  Overlord  
  23  2:16  Drone  
  23  2:17  Drone  
  23  2:18  Queen  
  27  2:35  Spine Crawler  
  26  2:37  Zergling x8  
  26  2:38  Metabolic Boost  
  30  2:49  Drone x2  
  33  3:09  Drone x2  
  33  3:10  Drone x2, Roach Warren  
  36  3:24  Overlord  
  36  3:25  Overlord  
  35  3:46  Overlord  
  34  3:52  Roach x3  
  34  3:53  Roach x3  
  45  4:04  Drone x4  
  45  4:07  Extractor  
  45  4:08  Lair  
  47  4:23  Roach  
  47  4:24  Roach x2  
  46  4:44  Extractor  
  45  4:58  Evolution Chamber  
  44  5:04  Roach  
  44  5:05  Roach x3  
  52  5:07  Zergling x2  
  52  5:08  Zergling x8  
  52  5:09  Zergling x6  
  60  5:15  Extractor, Overlord  
  60  5:19  Drone  
  60  5:21  Overlord x2  
  58  5:37  Overseer  
  58  5:42  Glial Reconstitution, Burrow  
  58  5:46  Zergling x6  
  58  5:47  Zergling x10  
  66  5:50  Baneling Nest, Drone x2  
  66  5:51  Drone  
  66  5:53  Overseer  
  66  5:56  Drone  
  64  6:28  Queen  
  65  6:36  Overlord  
  65  6:42  Overlord  
  65  6:43  Overlord  
  65  6:44  Drone x5, Roach x8  
  70  6:48  Roach x7  
  70  6:50  Roach x6  
  70  6:52  Drone  
  70  6:53  Queen, Roach x6  
  66  7:10  Roach x3  
  60  7:22  Hatchery  
  59  7:24  Ravager x2  
  59  7:25  Ravager  
  59  7:28  Queen  
  61  7:34  Baneling x3  
  55  7:44  Zergling x2  
  44  7:45  Zergling x12  
  44  7:46  Zergling x4  
  52  7:57  Zerg Ground Armor Level 1  
  52  8:04  Queen  
  53  8:17  Drone x4  
  53  8:18  Drone  
  58  8:33  Hatchery  
  57  8:34  Tunneling Claws  
  57  8:36  Roach  
  57  8:37  Evolution Chamber  
  57  8:38  Roach x7  
  72  8:46  Baneling x3  
  72  8:47  Baneling  
  62  9:12  Overlord  
  62  9:13  Drone x4  
  62  9:17  Roach x8  
  65  9:33  Roach x3  
  65  9:34  Roach x6  
  83  9:46  Roach  
  85  9:55  Roach x18  
  85  9:58  Roach x3  
  85  9:59  Roach x6  
  103  10:04  Roach x26  
Tags
 
Add a new tag
Caveats
  • Supply blocks, unpowered buildings, or Contaminate may cause inaccurate times.
  • Supply counts are checked every 10 seconds.